 Dungeon Crawl Stone Soup version 0.20.1-1-g8b1a95d (console) character file.

3001 toffzen the Poker (level 9, 0/132 HPs)
             Began as a Naga Berserker on Dec 21, 2017.
             Was an Elder of Trog.
             Slain by a yak (10 damage)
             ... on level 7 of the Dungeon.
             The game lasted 00:31:00 (8034 turns).

toffzen the Poker (Naga Berserker)                  Turns: 8034, Time: 00:31:01

Health: 0/132      AC: 24    Str: 19    XL:     9   Next: 84%
Magic:  9/9        EV:  1    Int:  8    God:    Trog [****..]
Gold:   284        SH:  0    Dex: 14    Spells: 8/8 levels left

rFire    . . .     SeeInvis +   a - +0 trident
rCold    . . .     Gourm    .   (no shield)
rNeg     + + +     Faith    .   (armour currently unavailable)
rPois    +         Spirit   .   (helmet currently unavailable)
rElec    .         Reflect  .   (cloak currently unavailable)
rCorr    .         Harm     .   (gloves currently unavailable)
MR       +....     NoTele   +   (no barding)
Stlth    +.........             (no amulet)
Regen    0.4/turn               (no ring)
MPRegen  0.2/turn               (no ring)

@: tree-form (expiring), berserk cooldown, slowed, very slow
A: see invisible, slow metabolism 1, spit poison 1, AC +3
a: Spit Poison, Berserk, Trog's Hand, Brothers in Arms, Burn Spellbooks,
Renounce Religion


You were on level 7 of the Dungeon.
You worshipped Trog.
Trog was greatly pleased with you.
You were not hungry.
You were a tree.
You visited 1 branch of the dungeon, and saw 7 of its levels.

You collected 284 gold pieces.

Inventory:

Hand Weapons
 a - a +0 trident (weapon)
 l - a +0 hunting sling
 o - a +0 hunting sling
Missiles
 f - 157 stones (quivered)
Armour
 d - a +0 ring mail (melded)
 t - a +1 helmet (melded)
 w - a scarf of resistance (melded)
 y - a +2 cloak
Jewellery
 r - an uncursed ring of ice
Wands
 g - a wand of acid (11/15)
Scrolls
 h - 3 scrolls of remove curse
 k - a scroll of magic mapping
 n - 3 scrolls of recharging
 p - 2 scrolls of fog {unknown}
 q - 3 scrolls of enchant armour
 x - a scroll of blinking {unknown}
 B - 3 scrolls of amnesia {unknown}
Potions
 b - a potion of flight
 j - a potion of brilliance
 s - a potion of curing
 v - a potion of degeneration
 z - a potion of mutation
 A - a potion of resistance
 C - a potion of haste {unknown}
Comestibles
 c - a bread ration
 m - 2 chunks of flesh
 u - 5 meat rations
 E - 3 fruits


   Skills:
 + Level 7.8 Fighting
 + Level 7.8 Polearms
 + Level 5.2 Armour
 + Level 5.4 Dodging


You had 8 spell levels left.
You didn't know any spells.

Dungeon Overview and Level Annotations

Branches:
Dungeon (7/15)             Temple (0/1) D:5

Altars:
Dithmenos
Fedhas
Hepliaklqana
Kikubaaqudgha
Qazlal
Trog
Yredelemnul
The Shining One


Innate Abilities, Weirdness & Mutations

You cannot wear boots.
((Your serpentine skin is tough. (AC +3)))
You have supernaturally acute eyesight. (SInv)
((Armour fits poorly on your strangely shaped body.))
((Your system is resistant to poisons. (rPois)))
((You cover ground very slowly.))
You have a slow metabolism.
You can spit poison.


Message History

You kill the yak!
Trog accepts your kill.
You puncture the yak!
The yak is lightly wounded.
The yak gores you!
* * * LOW HITPOINT WARNING * * *
You puncture the yak!
The yak is moderately wounded.
Your transformation is almost over.
The yak gores you.
* * * LOW HITPOINT WARNING * * *
The yak gores you.
* * * LOW HITPOINT WARNING * * *
You puncture the yak!
The yak is heavily wounded.
The yak gores you but does no damage.
You hit the yak.
The yak is severely wounded.
The yak gores you!
You die...

#.# ##..##.### ## ######
#.#######..##.### ##.. #....
#...........#.... .'... #...
+...........+.... #... #..#
#.##.###..###..##
##'####..#######.##.########..##
#....##..##..............#......
#.....'...#..............#......
#.....#..##..##♣###..###.#######
#....Y#..######Y###..###.##<.###
#..Y.##..'.....YY......#......<.
#....##..#.............#.....)).
#....######)....##....##.....##.
#..a.##..##.....##....##.....##.
##'####....))...##....##......#.
##)...##..)(.....##....##......#.
'.[......()[......#............#.


You could see 3 yaks.

Vanquished Creatures
  The ghost of PeterLawrence the Basher, a novice MiFi of Okawaru (D:7)
  3 yaks (D:7)
  Edmund (D:5)
  2 water moccasins
  A sky beast (D:5)
  An orc warrior (D:7)
  2 phantoms (D:4)
  Blork the orc (D:6)
  A scorpion (D:4)
  3 wights (D:7)
  A howler monkey (D:6)
  A crimson imp (D:6)
  A quasit (D:7)
  A bullfrog zombie (D:5)
  4 orc priests
  A hound (D:5)
  2 jellies (D:6)
  Crazy Yiuf (D:5)
  11 orc wizards
  A centaur skeleton (D:4)
  2 iguanas (D:5)
  6 worker ants
  2 hound skeletons
  A worker ant zombie (D:7)
  A howler monkey skeleton (D:6)
  7 adders
  A shadow imp (D:6)
  2 oozes
  An adder skeleton (D:7)
  2 worms (D:3)
  2 dart slugs
  3 leopard geckos
  46 orcs
  4 bats
  3 giant cockroaches
  9 goblins
  7 hobgoblins
  12 jackals
  6 kobolds
  2 quokkas (D:4)
  3 ball pythons
  A ball python skeleton (D:4)
  12 frilled lizards
  2 jackal skeletons
  A jackal zombie (D:5)
  2 leopard gecko skeletons
  A quokka zombie (D:6)
  7 rats
188 creatures vanquished.

Vanquished Creatures (others)
  2 iguanas (D:6)
  An adder (D:6)
3 creatures vanquished.

Grand Total: 191 creatures vanquished

Notes
Turn   | Place    | Note
-------+----------+-------------------------------------------
     0 | D:1      | toffzen the Naga Berserker began the quest for the Orb.
     0 | D:1      | Reached XP level 1. HP: 21/21 MP: 1/1
   314 | D:1      | Reached XP level 2. HP: 24/28 MP: 2/2
   790 | D:1      | Reached XP level 3. HP: 34/34 MP: 3/3
   982 | D:2      | Reached ** piety under Trog
  1580 | D:2      | Found a glowing golden altar of the Shining One.
  1589 | D:2      | Reached XP level 4. HP: 39/44 MP: 4/4
  1655 | D:2      | Found a blossoming altar of Fedhas.
  1656 | D:2      | Found a bloodstained altar of Trog.
  1656 | D:2      | Found an ancient bone altar of Kikubaaqudgha.
  1953 | D:3      | Reached XP level 5. HP: 48/51 MP: 5/5
  2527 | D:3      | Found a glowing golden altar of the Shining One.
  2916 | D:3      | Found a shadowy altar of Dithmenos.
  3073 | D:4      | Reached skill level 5 in Polearms
  3073 | D:4      | Reached XP level 6. HP: 27/60 MP: 6/6
  3271 | D:4      | Noticed a phantom
  3304 | D:4      | Killed a phantom
  3304 | D:4      | Reached skill level 5 in Fighting
  3495 | D:4      | Reached XP level 7. HP: 53/67 MP: 7/7
  3587 | D:4      | Found a blossoming altar of Fedhas.
  3663 | D:4      | Reached *** piety under Trog
  4392 | D:5      | Entered Level 5 of the Dungeon
  4747 | D:5      | Reached XP level 8. HP: 76/76 MP: 8/8
  4857 | D:5      | Noticed Edmund
  4868 | D:5      | Killed Edmund
  4957 | D:5      | Found a staircase to the Ecumenical Temple.
  5388 | D:5      | Found a runed door.
  5392 | D:5      | Noticed Crazy Yiuf
  5394 | D:5      | Killed Crazy Yiuf
  6142 | D:6      | Reached **** piety under Trog
  6486 | D:6      | Found a basalt altar of Yredelemnul.
  6763 | D:6      | Found a stormy altar of Qazlal.
  6840 | D:6      | Noticed Blork the orc
  6846 | D:6      | Killed Blork the orc
  6931 | D:6      | Found a hazy altar of Hepliaklqana.
  7338 | D:7      | Reached XP level 9. HP: 80/85 MP: 9/9
  7619 | D:7      | Noticed PeterLawrence's ghost (novice MiFi)
  7647 | D:7      | HP: 3/86 [PeterLawrence's ghost (16)]
  7653 | D:7      | Killed PeterLawrence's ghost
  7653 | D:7      | Reached skill level 5 in Dodging
  7836 | D:7      | Reached skill level 5 in Armour
  8034 | D:7      | Slain by a yak

Skill      XL: |  1  2  3  4  5  6  7  8  9 |
---------------+----------------------------+-----
Fighting       | 4 5 6 7 |  7.8
Polearms       | 4 5 6 7 |  7.8
Dodging        | 2 3 4 5 |  5.4
Armour         | 2 3 4 5 |  5.2

Action                   |  1- 3 |  4- 6 |  7- 9 || total
-------------------------+-------+-------+-------++-------
Melee: Spear             |   163 |     8 |       ||   171
       Trident           |       |   173 |   485 ||   658
Throw: Stone             |       |     1 |     2 ||     3
Invok: Berserk           |     1 |     6 |    15 ||    22
       Trog's Hand       |       |     1 |     4 ||     5
       Burn Spellbooks   |       |       |     1 ||     1
  Use: Scroll            |       |       |    16 ||    16
       Potion            |       |       |     3 ||     3
 Stab: Distracted        |     1 |     1 |     1 ||     3
  Eat: Chunk             |     2 |     9 |    16 ||    27
       Royal jelly       |       |     1 |     2 ||     3
       Bread ration      |       |       |     2 ||     2
Armor: Animal skin       |     3 |       |       ||     3
       Leather armour    |     1 |       |       ||     1
       Ring mail         |    26 |    48 |   150 ||   224
       Skin              |       |       |    13 ||    13
Dodge: Dodged            |    56 |    47 |   211 ||   314
